 Dungeon Crawl Stone Soup version 0.26-a0-1060-g086102a3f0 (webtiles) character file.

Game seed: 8289360714683761417

39 ruwin the Skirmisher (level 3, -1/24 HPs)
             Began as a Gargoyle Fighter on Dec 14, 2020.
             Slain by an orc
             ... wielding a +0 mace
              (3 damage)
             ... on level 2 of the Dungeon.
             The game lasted 00:02:10 (1114 turns).

ruwin the Skirmisher (Gargoyle Fighter)             Turns: 1114, Time: 00:02:11

Health: -1/24      AC: 10    Str: 26    XL:     3   Next: 45%
Magic:  3/3        EV:  5    Int:  8    God:
Gold:   21         SH: 15    Dex:  9    Spells: 2/2 levels left

rFire    . . .     SeeInvis .   a - +0 flail
rCold    . . .     Faith    .   j - +0 tower shield
rNeg     + . .     Spirit   .   b - +0 scale mail
rPois    ∞         Reflect  .   (no helmet)
rElec    +         Harm     .   (no cloak)
rCorr    .         Rampage  .   (no gloves)
Will     .....                  (no boots)
Stlth    ..........             (no amulet)
HPRegen  0.08/turn              h - +6 ring of strength
MPRegen  0.08/turn              (no ring)

@: no status effects
A: negative energy resistance 1, electricity resistance, unbreathing,
petrification resistance, rot immunity, AC +3
a: no special abilities


You were on level 2 of the Dungeon.
You visited 1 branch of the dungeon, and saw 2 of its levels.

You collected 21 gold pieces.

Inventory:

Hand Weapons
 a - a +0 flail (weapon)
Armour
 b - a +0 scale mail (worn)
 j - a +0 tower shield (worn)
Jewellery
 h - a +6 ring of strength (left hand)
Scrolls
 i - a scroll of amnesia
Potions
 d - a potion of might


   Skills:
 + Level 3.6 Fighting
 * Level 2.8 Maces & Flails
 + Level 3.6 Armour
 + Level 3.6 Shields


You had 2 spell levels left.
You didn't know any spells.
Your spell library was empty.

Dungeon Overview and Level Annotations

Branches:
Dungeon (2/15)

Altars:


Innate Abilities, Weirdness & Mutations

You are resistant to torment.
Your stone body is resilient. (AC +3)
You are immune to poison.
You resist negative energy. (rN+)
You are resistant to electric shocks. (rElec)
You can survive without breathing.
You are immune to petrification.
You are immune to rotting.


Message History

The orc wizard points at you and mumbles some strange words.
The puff of flame hits you.
* * * LOW HITPOINT WARNING * * *
Unknown command.
You closely miss the orc wizard.
The orc wizard is severely wounded.
You block the bat's attack. You block the orc wizard's attack.
You block the orc's attack. You block the orc wizard's attack.
The orc hits you but does no damage.
Your scale mail prevents you from hitting the orc wizard.
The orc wizard is severely wounded.
You block the bat's attack.
The orc wizard hits you with a +0 dagger.
* * * LOW HITPOINT WARNING * * *
You block the orc's attack.
You sock the orc wizard!
You kill the orc wizard!
You block the bat's attack. The bat hits you but does no damage.
The orc hits you with a +0 mace.
You die...

#......##
....... ...!..
...$. .(.# ..#
#)# #@#
#...)bo......
........##...<#
.##...#.# .#.#
........ #
###...#.. #..
### ...


You could see an orc and a bat.

Vanquished Creatures
  An orc wizard (D:2)
  2 dart slugs (D:1)
  A leopard gecko (D:1)
  2 orcs (D:2)
  5 bats
  3 giant cockroaches
  5 goblins (D:1)
  4 hobgoblins
  A kobold (D:1)
  4 frilled lizards
  3 rats (D:1)
31 creatures vanquished.

Notes
Turn   | Place    | Note
-------+----------+-------------------------------------------
     0 | D:1      | ruwin the Gargoyle Fighter began the quest for the Orb.
     0 | D:1      | Reached XP level 1. HP: 14/14 MP: 1/1
   198 | D:1      | Reached XP level 2. HP: 16/19 MP: 2/2
   665 | D:1      | Reached XP level 3. HP: 23/23 MP: 3/3
  1114 | D:2      | Slain by an orc

Illustrated notes

Levels and vault maps discovered:
D:1:      dpeg_arrival_rhombi, layout_basic, corner_web_ring,
          kennysheep_decorative_pillar
D:2:      layout_loops_ring

Action                   || total
-------------------------++-------
Melee: Flail             ||   122
  Use: Scroll            ||     6
Armor: Scale mail        ||    74
Dodge: Dodged            ||    30
Block: Kite shield       ||    34
       Tower shield      ||    85

Table legend: (Time is in decaauts)
 A = Elapsed time spent in this place.
 B = Non-inter-level travel time spent in this place.
 C = Inter-level travel time spent in this place.
 D = Time resting spent in this place.
 E = Time spent auto-exploring this place.
 F = Levels seen in this place.
 G = Mean time per level.
                   A        B        C        D        E       F      G
               +--------+--------+--------+--------+--------+-----+--------+
         Total |   1160 |   1108 |     52 |      0 |    841 |   2 |  580.0 |
       Dungeon |   1160 |   1108 |     52 |      0 |    841 |   2 |  580.0 |
               +--------+--------+--------+--------+--------+-----+--------+

Top non-repeatable levels by time:
     D:1: 1099 daAuts
     D:2: 61 daAuts
